 Dungeon Crawl Stone Soup version 0.29.1-13-g9f3cf754e1 (webtiles) character file.

Game seed: 18279010091353195745

235 Exodus22XD the Poker (level 5, -2/39 HPs)
             Began as a Demonspawn Gladiator on Feb 3, 2023.
             Slain by a gnoll
             ... wielding a +0 flail
             ... led by a gnoll bouda
              (10 damage)
             ... on level 3 of the Dungeon.
             The game lasted 00:02:58 (3385 turns).

Exodus22XD the Poker (Demonspawn Gladiator)         Turns: 3385, Time: 00:02:58

Health: -2/39      AC:  7    Str: 17    XL:     5   Next: 76%
Magic:  5/5        EV: 12    Int:  9    God:
Gold:   92         SH:  0    Dex: 14    Spells: 4/4 levels left

rFire   . . .      SeeInvis .   a - +0 trident
rCold   . . .      Faith    .   (no shield)
rNeg    . . .      Spirit   .   j - +0 ring mail
rPois   .          Reflect  .   c - +0 helmet
rElec   .          Harm     .   i - scarf {shadows}
rCorr   .          Rampage  .   (no gloves)
Will    .....                   h - +0 pair of boots
Stlth   +.........              (no amulet)
HPRegen 0.13/turn               (no ring)
MPRegen 0.09/turn               (no ring)

@: no status effects
A: hooves 1, demonic guardian 1
a: no special abilities


You were on level 3 of the Dungeon.
You visited 1 branch of the dungeon, and saw 4 of its levels.

You collected 92 gold pieces.

Inventory:

Hand Weapons
 a - a +0 trident (weapon)
Missiles
 d - 3 throwing nets (quivered)
 e - a javelin
Armour
 c - a +0 helmet (worn)
 h - a +0 pair of boots (worn)
 i - a scarf of shadows (worn)
 j - a +0 ring mail (worn)
Scrolls
 g - a scroll of enchant weapon {unknown}
 l - 2 scrolls of torment {unknown}
 m - a scroll of brand weapon {unknown}
 n - 2 scrolls of amnesia
 o - a scroll of magic mapping {unknown}
 q - 2 scrolls of identify {unknown}
 s - a scroll of teleportation {unknown}
 t - a scroll of vulnerability {unknown}
 v - a scroll of enchant armour {unknown}
 w - a scroll of noise {unknown}
Potions
 b - 2 potions of brilliance {unknown}
 f - a potion of might {unknown}
 k - a potion of magic {unknown}
 p - a potion of berserk rage {unknown}
 r - a potion of haste {unknown}
 u - a potion of flight {unknown}


   Skills:
 + Level 2.5 Fighting
 + Level 4.4 Polearms
 - Level 1.7 Throwing
 * Level 2.3 Armour
 + Level 3.6 Dodging


You had 4 spell levels left.
You didn't know any spells.
Your spell library contained the following spells:

 Spells                   Type           Power      Damage    Failure   Level
 Freeze                   Ice            0%         1d3       58%         1
 Ensorcelled Hibernation  Hex/Ice        0%         N/A       73%         2
 Passwall                 Tmut/Erth      0%         N/A       73%         2
 Frozen Ramparts          Ice            0%         1d1       91%         3
 Swiftness                Air            0%         N/A       91%         3
 Hailstorm                Conj/Ice       0%         3d3       100%        4


Dungeon Overview and Level Annotations

Branches:
Dungeon (4/15)
 Temple: D:4-7

Altars:
Makhleb


Innate Abilities, Weirdness & Mutations

You have large cloven feet.
A weak demonic guardian rushes to your aid.


Message History

The gnolls pick up the pace!
The gnoll barely misses you. The gnoll closely misses you.
The gnoll barely misses you. The gnoll hits you with a +0 flail!
You climb upwards.
There is a stone staircase leading down here.
Unknown command.
The gnoll barely misses you. The gnoll attacks as you move away!
The gnoll hits you with a +0 flail. The gnoll attacks as you move away!
The gnoll closely misses you. The gnoll barely misses you.
The gnoll hits you but does no damage. The gnoll attacks as you move away!
The gnoll hits you with a +0 flail.
You are too injured to fight recklessly!
You are too injured to fight recklessly!
There are monsters nearby!
You hit the gnoll.
The gnoll is heavily wounded.
The gnoll closely misses you.
You barely miss the gnoll.
The gnoll is heavily wounded.
The gnoll closely misses you.
You puncture the gnoll!
You kill the gnoll!
You closely miss the gnoll. The gnoll hits you with a +0 flail.
* * * LOW HITPOINT WARNING * * *
You barely miss the gnoll. The gnoll hits you but does no damage.
You hit the gnoll.
The gnoll is moderately wounded.
The gnoll hits you but does no damage.
You closely miss the gnoll.
The gnoll is moderately wounded.
The gnoll closely misses you. The gnoll hits you with a +0 flail.
* * * LOW HITPOINT WARNING * * *
You barely miss the gnoll.
The gnoll is moderately wounded.
The gnoll is no longer moving quickly.
The gnoll completely misses you.
You hit the gnoll.
The gnoll is heavily wounded.
The gnoll hits you with a +0 flail!
You die...

########### #.........#
#.........# ######.........######
#####..g@).........'.....
#.....####.........##....
#########.....# ############....
.............## #.....
.........###.######### #.....
.........#...#.[..)..# #.....
.........#>....#####.#######.####
.........#.###..#..#.........#
................#..###########


You could see a gnoll.

Vanquished Creatures
  5 gnolls
  7 adders
  2 worms (D:2)
  5 dart slugs
  An orc (D:4)
  6 ball pythons
  12 bats
  10 endoplasms
  5 giant cockroaches
  5 goblins
  5 hobgoblins
  9 jackals
  6 quokkas
  4 frilled lizards
  7 kobolds
  5 rats
94 creatures vanquished.

Vanquished Creatures (collateral kills)
  A gnoll (D:4)
1 creature vanquished.

Grand Total: 95 creatures vanquished

Notes
Turn   | Place    | Note
-------+----------+-------------------------------------------
     0 | D:1      | Exodus22XD the Demonspawn Gladiator began the quest for the
                  | Orb.
     0 | D:1      | Reached XP level 1. HP: 16/16 MP: 1/1
   169 | D:1      | Gained mutation: You have large cloven feet. [demonic
                  | ancestry]
   169 | D:1      | Reached XP level 2. HP: 22/22 MP: 2/2
   197 | D:1      | Reached skill level 3 in Polearms
   664 | D:1      | Gained mutation: A weak demonic guardian rushes to your
                  | aid. [demonic ancestry]
   664 | D:1      | Reached XP level 3. HP: 27/27 MP: 3/3
  1146 | D:2      | Reached skill level 1 in Armour
  1528 | D:2      | Reached XP level 4. HP: 20/34 MP: 4/4
  1764 | D:2      | Found a faded altar of an unknown god.
  2648 | D:3      | Reached skill level 4 in Polearms
  2668 | D:3      | Reached XP level 5. HP: 38/39 MP: 5/5
  2981 | D:3      | Found a burning altar of Makhleb.
  3385 | D:3      | Slain by a gnoll

Illustrated notes

Levels and vault maps discovered:
D:1:      evilmike_arrival_home_sweet_home, layout_loops_ring, minmay_ruptured
D:2:      layout_basic, shapermc_ecumenical_altar_totnotflames, minivault_25
D:3:      layout_basic, bloody_makhleb
D:4:      layout_rooms, lemuel_doored_altar, hangedman_ru_absence

Skill      XL: |  1  2  3  4  5 |
---------------+----------------+-----
Polearms       | 3 4 |  4.4
Dodging        | 3 |  3.6
Armour         | 1 2 |  2.3
Fighting       | |  2.5
Throwing       | |  1.7

Action                   |  1- 3 |  4- 6 || total
-------------------------+-------+-------++-------
Melee: Trident           |   181 |   213 ||   394
       Punch             |       |     2 ||     2
  Use: Scroll            |       |     1 ||     1
Armor: Leather armour    |    11 |       ||    11
       Ring mail         |    56 |    97 ||   153
Dodge: Dodged            |    98 |   154 ||   252
